 Dungeon Crawl Stone Soup version 0.30.1-5-ged363bc7ee (webtiles) character file.

Game seed: 1773119102212938070

49 Kurtz the Chopper (level 3, -2/23 HPs)
             Began as a Tengu Fighter on Sept 19, 2023.
             Slain by an iguana (6 damage)
             ... on level 2 of the Dungeon.
             The game lasted 00:00:41 (879 turns).

Kurtz the Chopper (Tengu Fighter)                    Turns: 879, Time: 00:00:42

Health: -2/23      AC:  6    Str: 18    XL:     3   Next: 75%
Magic:  4/4        EV:  9    Int:  8    God:
Gold:   47         SH:  4    Dex: 13    Spells: 2/2 levels left

rFire   . . .        a - +0 war axe
rCold   . . .        c - +0 buckler
rNeg    . . .        b - +0 scale mail
rPois   .            (helmet restricted)
rElec   .            (no cloak)
rCorr   .            (no gloves)
SInv    .            (boots unavailable)
Will    .....        (no amulet) Stlth
                     (no ring)
HPRegen 0.23/turn    (no ring)
MPRegen 0.09/turn

%: no passive effects
@: mighty
A: beak, talons 3
a: no special abilities


You were on level 2 of the Dungeon.
You visited 1 branch of the dungeon, and saw 2 of its levels.

You collected 47 gold pieces.

Inventory:

Hand Weapons
 a - a +0 war axe (weapon)
Missiles
 l - 4 poisoned darts (quivered)
Armour
 b - a +0 scale mail (worn)
 c - a +0 buckler (worn)
Scrolls
 f - a scroll of enchant armour {unknown}
 g - 3 scrolls of identify {unknown}
 h - a scroll of poison {unknown}
 i - a scroll of noise {unknown}
 j - a scroll of magic mapping {unknown}
 k - a scroll of enchant weapon {unknown}
Potions
 e - a potion of lignification {unknown}
 m - a potion of heal wounds {unknown}
 n - 2 potions of brilliance {unknown}


   Skills:
 - Level 3.0 Fighting
 * Level 4.4 Axes
 - Level 3.2 Armour
 - Level 3.0 Shields


You had 2 spell levels left.
You didn't know any spells.
Your spell library was empty.

Dungeon Overview and Level Annotations

Branches:
Dungeon (2/15)

Altars:


Innate Abilities, Weirdness & Mutations

You have a beak for a mouth.
You have claws for feet.


Message History

You hit the worm.
The worm is severely wounded.
The worm barely misses you.
You hit the worm. You claw the worm.
You kill the worm!
No target in view!
No target in view!
You see here a worm corpse.
You now have 47 gold pieces (gained 3).
An iguana comes into view.
The iguana hisses angrily.
An iguana is nearby!
An iguana is nearby!
The iguana closely misses you.
An iguana is nearby!
You closely miss the iguana. Your kick misses the iguana.
The iguana hisses menacingly.
You block the iguana's attack.
You hit the iguana but do no damage. Your kick misses the iguana.
The iguana bites you! x2
* * * LOW HITPOINT WARNING * * *
You are too injured to fight recklessly!
You are too injured to fight recklessly!
The iguana attacks as you move away! The iguana bites you.
* * * LOW HITPOINT WARNING * * *
The iguana attacks as you move away! You block the iguana's attack.
The iguana attacks as you move away!
The iguana bites you but does no damage.
You see here a worm corpse.
The iguana attacks as you move away!
The iguana bites you but does no damage.
The iguana attacks as you move away! The iguana closely misses you.
The iguana attacks as you move away! The iguana closely misses you.
You see here a +0 dagger.
The iguana attacks as you move away! The iguana bites you!
* * * LOW HITPOINT WARNING * * *
The iguana attacks as you move away! You block the iguana's attack.
You feel very mighty all of a sudden. The iguana bites you.
You die...

.....#####.# #.# #.##.###
.........#.# #.# #......#
#.######.#.####.# ####.#.#####.#
#..........†..†.######.#........
########.................†)..).#
###.###.#########.#######
#..............)#
#####.#########.# #..@l.......#
#############


You could see an iguana.

Vanquished Creatures
  An adder (D:2)
  2 worms (D:2)
  3 dart slugs
  A ball python (D:2)
  5 endoplasms (D:1)
  3 hobgoblins (D:1)
  4 kobolds
  2 quokkas (D:1)
  2 bats (D:1)
  A frilled lizard (D:1)
  2 goblins (D:1)
  A rat (D:1)
27 creatures vanquished.

Notes
Turn   | Place    | Note
-------+----------+-------------------------------------------
     0 | D:1      | Kurtz the Tengu Fighter began the quest for the Orb.
     0 | D:1      | Reached XP level 1. HP: 14/14 MP: 2/2
   214 | D:1      | Reached skill level 3 in Axes
   214 | D:1      | Reached XP level 2. HP: 16/19 MP: 3/3
   519 | D:1      | Reached XP level 3. HP: 23/23 MP: 4/4
   725 | D:2      | Reached skill level 4 in Axes
   879 | D:2      | Slain by an iguana

Illustrated notes

Levels and vault maps discovered:
D:1:      denvon_arrival_planthouse, layout_basic
D:2:      layout_loops_ring, serial_shops, shop

Skill      XL: |  1  2  3 |
---------------+----------+-----
Axes           | 3 4 |  4.4
Fighting       | |  3.0
Armour         | |  3.2
Shields        | |  3.0

Action                     || total
---------------------------++-------
  Melee: War axe           ||    46
         Kick              ||    13
         Peck              ||     8
    Use: Potion            ||     1
 Armour: Scale mail        ||    11
  Dodge: Dodged            ||    14
  Block: Buckler           ||    16
